FSL
DAYTONA BEACH ISLANDERS @ MIAMI WHALES
07/03/1982
 
TOP OF THE 1ST
Daytona Beach Islanders batting - Pitching for Miami Whales : RHP Jose Reyes
Pitching: RHP Jose Reyes
Batting: SHB Michael Frierson 0-0: Ground out U3 (Groundball, 3L, EV 80.0 MPH)
Batting: RHB Jeff Rutledge 0-0: Called Strike
0-1: Swinging Strike
0-2: Strikes out swinging
Batting: LHB Benny Distefano 0-0: Swinging Strike
0-1: Ball
1-1: Ball
2-1: Foul Ball, location: 2F
2-2: Fly out, F5 (Popup, 5F, EV 73.1 MPH)
Top of the 1st over - 0 runs, 0 hits, 0 errors, 0 left on base; Daytona Beach 0 - Miami 0
BOTTOM OF THE 1ST
Miami Whales batting - Pitching for Daytona Beach Islanders : LHP Richard Herendeen
Pitching: LHP Richard Herendeen
Batting: SHB Ramon Alcantara 0-0: Called Strike
0-1: Ball
1-1: Ball
2-1: Foul Ball, location: 2F
2-2: Strikes out looking
Batting: RHB Tom Grant 0-0: Swinging Strike
0-1: Ball
1-1: Ball
2-1: Foul Ball, location: 2F
2-2: SINGLE (Flyball, 3D, EV 98.1 MPH)
Batting: LHB Lorenzo Bundy 0-0: Foul Ball, location: 2F
0-1: Called Strike
0-2: Ball
1-2: Fly out, F8 (Line Drive, 8RM, EV 108.1 MPH)
Batting: RHB Donald Hubbard 0-0: Called Strike
0-1: Fielders Choice at 2nd, 5-4 (Groundball, 56, EV 97.5 MPH)
Bottom of the 1st over - 0 runs, 1 hit, 0 errors, 1 left on base; Daytona Beach 0 - Miami 0
TOP OF THE 2ND
Daytona Beach Islanders batting - Pitching for Miami Whales : RHP Jose Reyes
Batting: RHB Douglas Wabeke 0-0: Called Strike
0-1: Swinging Strike
0-2: Ball
1-2: Strikes out swinging
Batting: RHB Gary Kempton 0-0: Called Strike
0-1: Swinging Strike
0-2: Ball
1-2: Ball
2-2: Foul Ball, location: 2F
2-2: Strikes out looking
Batting: RHB Francisco Gonzalez 0-0: Ball
1-0: Foul Ball, location: 2F
1-1: Ball
2-1: Ground out 5-3 (Groundball, 5S, EV 65.0 MPH)
Top of the 2nd over - 0 runs, 0 hits, 0 errors, 0 left on base; Daytona Beach 0 - Miami 0
BOTTOM OF THE 2ND
Miami Whales batting - Pitching for Daytona Beach Islanders : LHP Richard Herendeen
Batting: RHB Rafael Ortega 0-0: Called Strike
0-1: Ball
1-1: Called Strike
1-2: Ball
2-2: Fly out, F7 (Line Drive, 7, EV 92.5 MPH)
Batting: RHB Steve Benson 0-0: Called Strike
0-1: Called Strike
0-2: Ball
1-2: Foul Ball, location: 2F
1-2: Foul Ball, location: 2F
1-2: Ball
2-2: Ball
3-2: Base on Balls
Batting: RHB Ramon Cardenas 0-0: Ball
1-0: Grounds into double play, 6-4-3 (Groundball, 6MS, EV 83.1 MPH)
Bottom of the 2nd over - 0 runs, 0 hits, 0 errors, 0 left on base; Daytona Beach 0 - Miami 0
TOP OF THE 3RD
Daytona Beach Islanders batting - Pitching for Miami Whales : RHP Jose Reyes
Batting: RHB Ronald Lindberg 0-0: Ball
1-0: Called Strike
1-1: Ball
2-1: Called Strike
2-2: Foul Ball, location: 2F
2-2: Foul Ball, location: 2F
2-2: Ball
3-2: Ground out 5-3 (Groundball, 56, EV 82.5 MPH)
Batting: RHB Jeffrey Coker 0-0: Ground out 5-3 (Groundball, 56, EV 89.4 MPH)
Batting: RHB Robert Whitfield 0-0: SINGLE (Groundball, 56S, EV 67.5 MPH) (infield hit)
Batting: SHB Michael Frierson 0-0: Ball
1-0: Ball
2-0: Foul Ball, location: 2F
2-1: Ball
Robert Whitfield steals 2nd base
3-1: Ground out 4-3 (Groundball, 4, EV 85.0 MPH)
Top of the 3rd over - 0 runs, 1 hit, 0 errors, 1 left on base; Daytona Beach 0 - Miami 0
BOTTOM OF THE 3RD
Miami Whales batting - Pitching for Daytona Beach Islanders : LHP Richard Herendeen
Batting: SHB Philip Rossi 0-0: Ground out 4-3 (Groundball, 13, EV 85.0 MPH)
Batting: SHB Santiago Fernandez 0-0: Called Strike
0-1: Ball
1-1: Foul Ball, location: 2F
1-2: Ball
2-2: Ball
3-2: Base on Balls
Batting: SHB Ramon Alcantara 0-0: Called Strike
0-1: Ball
1-1: Ball
2-1: Ball
3-1: Swinging Strike
3-2: Foul Ball, location: 2F
3-2: SINGLE (Groundball, 6MD, EV 101.9 MPH)
Santiago Fernandez to second
Batting: RHB Tom Grant 0-0: Ball
1-0: Ball
2-0: Ball
3-0: Called Strike
3-1: Called Strike
3-2: Fly out, F9 (Flyball, 89D, EV 95.6 MPH)
Batting: LHB Lorenzo Bundy 0-0: Ball
1-0: Fly out, F8 (Flyball, 8LD, EV 108.1 MPH)
Bottom of the 3rd over - 0 runs, 1 hit, 0 errors, 2 left on base; Daytona Beach 0 - Miami 0
TOP OF THE 4TH
Daytona Beach Islanders batting - Pitching for Miami Whales : RHP Jose Reyes
Batting: RHB Jeff Rutledge 0-0: Ball
1-0: Ground out 5-3 (Groundball, 56S, EV 83.8 MPH)
Batting: LHB Benny Distefano 0-0: Ball
1-0: Ball
2-0: Ball
3-0: Called Strike
3-1: Reached on error, E4 (Line Drive, 4, EV 66.9 MPH)
Batting: RHB Douglas Wabeke 0-0: Called Strike
0-1: Foul Ball, location: 2F
0-2: Ball
1-2: Ball
2-2: SINGLE (Line Drive, 89S, EV 91.3 MPH)
Benny Distefano to second
Runner from 2nd tries for 3rd, SAFE, no throw by CF
Batting: RHB Gary Kempton 0-0: SINGLE (Line Drive, 78S, EV 106.9 MPH)
Benny Distefano scores
Douglas Wabeke to second
Batting: RHB Francisco Gonzalez 0-0: Ball
1-0: Called Strike
1-1: Ball
2-1: Foul Ball, location: 2F
2-2: Hit by Pitch
Douglas Wabeke to third
Gary Kempton to second
Batting: RHB Ronald Lindberg 0-0: Ball
1-0: Ball
2-0: Ball
3-0: Base on Balls
Douglas Wabeke scores
Gary Kempton to third
Francisco Gonzalez to second
Batting: RHB Jeffrey Coker 0-0: Grounds into double play, 3-6-1 (Groundball, 3, EV 80.0 MPH)
Top of the 4th over - 2 runs, 2 hits, 1 error, 2 left on base; Daytona Beach 2 - Miami 0
BOTTOM OF THE 4TH
Miami Whales batting - Pitching for Daytona Beach Islanders : LHP Richard Herendeen
Batting: RHB Donald Hubbard 0-0: Called Strike
0-1: Ball
1-1: Ball
2-1: Ball
3-1: Base on Balls
Batting: RHB Rafael Ortega 0-0: Ball
1-0: Fly out, F7 (Flyball, 7, EV 95.0 MPH)
Batting: RHB Steve Benson 0-0: Called Strike
0-1: Called Strike
0-2: Ball
1-2: Ball
2-2: Ball
3-2: SINGLE (Groundball, 34S, EV 89.4 MPH) (infield hit)
Donald Hubbard to second
Batting: RHB Ramon Cardenas 0-0: Fielders Choice at 2nd, 5-4 (Groundball, 56S, EV 86.3 MPH)
Donald Hubbard to third
Batting: SHB Philip Rossi 0-0: Ball
1-0: Ball
2-0: Ball
3-0: Called Strike
3-1: Called Strike
3-2: Base on Balls
Ramon Cardenas to second
Batting: SHB Santiago Fernandez 0-0: Ball
1-0: Ball
2-0: Ball
3-0: Base on Balls
Donald Hubbard scores
Ramon Cardenas to third
Philip Rossi to second
Batting: SHB Ramon Alcantara 0-0: Ball
1-0: Foul Ball, location: 2F
1-1: Foul Ball, location: 2F
1-2: Ball
2-2: Foul Ball, location: 2F
2-2: Ground out 4-3 (Groundball, 4MS, EV 65.6 MPH)
Bottom of the 4th over - 1 run, 1 hit, 0 errors, 3 left on base; Daytona Beach 2 - Miami 1
TOP OF THE 5TH
Daytona Beach Islanders batting - Pitching for Miami Whales : RHP Jose Reyes
Batting: RHB Robert Whitfield 0-0: Ball
1-0: Ball
2-0: Called Strike
2-1: Ground out 4-3 (Groundball, 4, EV 83.8 MPH)
Batting: SHB Michael Frierson 0-0: Ball
1-0: Ground out 4-3 (Groundball, 4, EV 90.0 MPH)
Batting: RHB Jeff Rutledge 0-0: Ball
1-0: Ball
2-0: Ball
3-0: Base on Balls
Batting: LHB Benny Distefano 0-0: Ball
Jeff Rutledge steals 2nd base
1-0: Called Strike
1-1: Fly out, F9 (Flyball, 89S, EV 92.5 MPH)
Top of the 5th over - 0 runs, 0 hits, 0 errors, 1 left on base; Daytona Beach 2 - Miami 1
BOTTOM OF THE 5TH
Miami Whales batting - Pitching for Daytona Beach Islanders : LHP Richard Herendeen
Batting: RHB Tom Grant 0-0: Called Strike
0-1: Swinging Strike
0-2: Foul Ball, location: 2F
0-2: Ball
1-2: Foul Ball, location: 2F
1-2: Fly out, F8 (Line Drive, 8RD, EV 98.1 MPH)
Batting: LHB Lorenzo Bundy 0-0: Swinging Strike
0-1: Ball
1-1: Swinging Strike
1-2: Ball
2-2: Fly out, F6 (Popup, 6M, EV 61.9 MPH)
Batting: RHB Donald Hubbard 0-0: Swinging Strike
0-1: DOUBLE (Line Drive, 9LM, EV 107.5 MPH)
Batting: RHB Rafael Ortega 0-0: Foul Ball, location: 2F
0-1: Foul Ball, location: 2F
0-2: Ball
1-2: Strikes out swinging
Bottom of the 5th over - 0 runs, 1 hit, 0 errors, 1 left on base; Daytona Beach 2 - Miami 1
TOP OF THE 6TH
Daytona Beach Islanders batting - Pitching for Miami Whales : RHP Jose Reyes
Batting: RHB Douglas Wabeke 0-0: Foul Ball, location: 2F
0-1: Ball
1-1: Ball
2-1: Ground out 5-3 (Groundball, 56S, EV 77.5 MPH)
Batting: RHB Gary Kempton 0-0: Swinging Strike
0-1: Ball
1-1: Ball
2-1: Ball
3-1: Foul Ball, location: 2F
3-2: Strikes out swinging
Batting: RHB Francisco Gonzalez 0-0: Called Strike
0-1: Swinging Strike
0-2: Ground out 5-3 (Groundball, 5S, EV 79.4 MPH)
Top of the 6th over - 0 runs, 0 hits, 0 errors, 0 left on base; Daytona Beach 2 - Miami 1
BOTTOM OF THE 6TH
Miami Whales batting - Pitching for Daytona Beach Islanders : LHP Richard Herendeen
Batting: RHB Steve Benson 0-0: Ball
1-0: Ball
2-0: Ball
3-0: Called Strike
3-1: Foul Ball, location: 2F
3-2: Foul Ball, location: 2F
3-2: SOLO HOME RUN (Flyball, 9LD, EV 105.0 MPH), Distance : 355 ft
Batting: RHB Ramon Cardenas 0-0: Ball
1-0: Ball
2-0: Ball
3-0: Called Strike
3-1: Foul Ball, location: 2F
3-2: DOUBLE (Line Drive, 89D, EV 107.5 MPH)
Batting: SHB Philip Rossi 0-0: Ball
1-0: Ground out 1-3 (Groundball, 34S, EV 66.3 MPH)
Ramon Cardenas to third
Batting: SHB Santiago Fernandez 0-0: Called Strike
0-1: Ball
1-1: SINGLE (Line Drive, 78M, EV 108.1 MPH)
Ramon Cardenas scores
Pitching: RHP Michael Rostas
Batting: SHB Ramon Alcantara 0-0: Ball
1-0: Ball
2-0: Called Strike
2-1: Fly out, F6 (Popup, P, EV 73.8 MPH)
Batting: RHB Tom Grant 0-0: Ball
1-0: SINGLE (Line Drive, 6D, EV 99.4 MPH)
Santiago Fernandez to second
Batting: LHB Lorenzo Bundy 0-0: Swinging Strike
0-1: Ball
1-1: Foul Ball, location: 2F
1-2: Strikes out looking
Bottom of the 6th over - 2 runs, 4 hits, 0 errors, 2 left on base; Daytona Beach 2 - Miami 3
TOP OF THE 7TH
Daytona Beach Islanders batting - Pitching for Miami Whales : RHP Jose Reyes
Batting: RHB Ronald Lindberg 0-0: Called Strike
0-1: Ground out 6-3 (Groundball, 6, EV 81.3 MPH)
Batting: RHB Jeffrey Coker 0-0: Swinging Strike
0-1: Ball
1-1: Fly out, F6 (Popup, 6M, EV 68.8 MPH)
Batting: RHB Robert Whitfield 0-0: Ball
1-0: Foul Ball, location: 2F
1-1: Called Strike
1-2: Strikes out looking
Top of the 7th over - 0 runs, 0 hits, 0 errors, 0 left on base; Daytona Beach 2 - Miami 3
BOTTOM OF THE 7TH
Miami Whales batting - Pitching for Daytona Beach Islanders : RHP Michael Rostas
Batting: RHB Donald Hubbard 0-0: Swinging Strike
0-1: Foul Ball, location: 2F
0-2: Strikes out swinging
Batting: RHB Rafael Ortega 0-0: Ball
1-0: Ball
2-0: Ball
3-0: Called Strike
3-1: Foul Ball, location: 2F
3-2: Ground out 6-3 (Groundball, 6, EV 100.0 MPH)
Batting: RHB Steve Benson 0-0: Called Strike
0-1: Ball
1-1: Foul Ball, location: 2F
1-2: Foul Ball, location: 2F
1-2: Ground out 4-3 (Groundball, 4, EV 86.9 MPH)
Bottom of the 7th over - 0 runs, 0 hits, 0 errors, 0 left on base; Daytona Beach 2 - Miami 3
TOP OF THE 8TH
Daytona Beach Islanders batting - Pitching for Miami Whales : RHP Jose Reyes
Batting: SHB Michael Frierson 0-0: Fly out, F8 (Flyball, 89D, EV 95.0 MPH)
Batting: RHB Jeff Rutledge 0-0: Foul Ball, location: 2F
0-1: Ball
1-1: Ground out 5-3 (Groundball, 5S, EV 73.1 MPH)
Batting: LHB Benny Distefano 0-0: Called Strike
0-1: Ball
1-1: Called Strike
1-2: Ground out 6-3 (Groundball, 6, EV 110.6 MPH)
Top of the 8th over - 0 runs, 0 hits, 0 errors, 0 left on base; Daytona Beach 2 - Miami 3
BOTTOM OF THE 8TH
Miami Whales batting - Pitching for Daytona Beach Islanders : RHP Michael Rostas
Batting: RHB Ramon Cardenas 0-0: Called Strike
0-1: Ball
1-1: Called Strike
1-2: Foul Ball, location: 2F
1-2: Ball
2-2: Ball
3-2: Strikes out swinging
Batting: SHB Philip Rossi 0-0: Called Strike
0-1: Ball
1-1: Foul Ball, location: 2F
1-2: Ball
2-2: Fly out, F2 (Popup, 2RF, EV 95.6 MPH)
Batting: SHB Santiago Fernandez 0-0: Ball
1-0: Ball
2-0: Fly out, F8 (Flyball, 8LM, EV 83.8 MPH)
Bottom of the 8th over - 0 runs, 0 hits, 0 errors, 0 left on base; Daytona Beach 2 - Miami 3
TOP OF THE 9TH
Daytona Beach Islanders batting - Pitching for Miami Whales : RHP Jose Reyes
Now at 1B: Alex Dominguez
Now at 3B: Butch Rowe
Batting: RHB Douglas Wabeke 0-0: Ball
1-0: DOUBLE (Line Drive, 9LS, EV 97.5 MPH)
Batting: RHB Gary Kempton 0-0: Called Strike
0-1: Ball
1-1: Ball
2-1: Ball
3-1: Base on Balls
Batting: RHB Francisco Gonzalez 0-0: SINGLE (Flyball, 8LS, EV 96.3 MPH)
Douglas Wabeke to third
Gary Kempton to second
Runner from 3rd tries for Home, SAFE, throw by CF to home
Batting: RHB Ronald Lindberg 0-0: Sac Bunt to 2R - play at first, batter OUT! 2-4
Gary Kempton to third
Francisco Gonzalez to second
Pinch Hitting: RHB Kalvin Adams 0-0: Intentional Walk
Batting: RHB Robert Whitfield 0-0: Foul Ball, location: 2F
0-1: Ball
1-1: Ball
2-1: Ball
3-1: Swinging Strike
3-2: Base on Balls
Gary Kempton scores
Francisco Gonzalez to third
Kalvin Adams to second
Batting: SHB Michael Frierson 0-0: Grounds into double play, 4-2-3 (Groundball, P, EV 92.5 MPH)
Top of the 9th over - 2 runs, 2 hits, 0 errors, 2 left on base; Daytona Beach 4 - Miami 3
BOTTOM OF THE 9TH
Miami Whales batting - Pitching for Daytona Beach Islanders : RHP Michael Rostas
Pitching: LHP Richard Ford
Now in CF: Alvin Bush
Pinch Hitting: RHB Donald Morris 0-0: Foul Ball, location: 2F
0-1: Foul Ball, location: 2F
0-2: Ball
1-2: Ground out 4-3 (Groundball, 34, EV 89.4 MPH)
Batting: RHB Tom Grant 0-0: Called Strike
0-1: Ball
1-1: Ball
2-1: Swinging Strike
2-2: Strikes out swinging
Batting: RHB Alex Dominguez 0-0: Called Strike
0-1: Called Strike
0-2: Ball
1-2: Ball
2-2: Ball
3-2: Fly out, F9 (Flyball, 89S, EV 77.5 MPH)
Bottom of the 9th over - 0 runs, 0 hits, 0 errors, 0 left on base; Daytona Beach 4 - Miami 3
Wednesday, August 12th, 2020 - OOTP Baseball 21.5 Build 76